Workbook

Sheet Indice
A1: ANEXO TECNICO
A6: ARCHIVO EXCEL TECNICOS INVITACIONPUBLICA_IBPMS
A7: Nombre de la Hoja | B7: Descripción | C7: Diligenciar por parte del oferente
A8: EMR | B8: Especificaciones Mínima requeridas de Hardware | C8: SI
A9: INSTALACIONES | B9: Instalaciones de mas de 800 usuarios | C9: SI
A10: PARTNERS | B10: Listado de Partners certificados por fabricante | C10: SI
A11: Experiencia | B11: Experiencia del proponente | C11: SI
A12: CostoProductosServicio | B12: Costos de productos de servicios | C12: SI
A13: TotalCostos | B13: Total de costos de los servicios | C13: SI

Sheet EMR 
A1: ANEXO TECNICO
A6: ESPEFICICACIONES REQUERIDAS | E6: ESPECIFICACIONES OFERTADAS
A7: ITEM | B7: EMR-### | C7: Caracteristicas Técnicas | D7: CANTIDAD | E7: MARCA Y REFERENCIA | F7: CARACTERÍSTICAS TÉCNICAS QUE SE OFERTAN | G7: NÚMERO FOLIO | H7: CUMPLE | I7: NO CUMPLE | J7: OBSERVACION
A8: 1 | B8: Intelligent Business Process Management | E8: =B8 -> Intelligent Business Process Management
A9: 1.1.1. | B9: EMR-111 | C9: Caracteristicas Generales | E9: =C9 -> Caracteristicas Generales
A10: 1 | C10: La oferta debe incluir una plataforma de iBMPS considerando licenciamiento e infraestructura conforme a las espececificaciones
A11: 2 | C11: La herramienta IBPMS Deberá permitir la creación, administración y ejecución de flujos de trabajo.
A12: 3 | C12: El producto ofertado debera encontrarse en el cuadrante magico de Gartner para iBPMS vigente. 2018 ó 2019
A13: 4 | C13: El Producto debe contar con representacion en colombia
A14: 5 | C14: La oferta debera ser presentada por el fabricante o un Partner autorizado por el fabricante
A15: 6 | C15: El producto debe contar con varios Partners autorizados por el fabricante en colombia
A16: 7 | C16: El Producto debera contar en colombia con implementaciones para mas de 800 usuarios.
A17: 8 | C17: El proveedor debera suministrar la infraestructura como como servicio durante un (1) año contado a partir de la entrega, instalación y activacion del licenciamiento iBPM
A18: 9 | C18: La solucuion ofertada debera inlcuir los ambientes de Desarrollo - Calidad - Producción.
A19: 10 | C19: El proveedor debera entregar la plataforma de iBPMS operativa
A20: 11 | C20: El proveedor debera armonizar la infraestructura con la arquitectura de aplicacaiones presentada por el INC
A21: 12 | C21: El licenciamiento ofertado debera ser de forma perpeutua a nombre del INC.
... A76: 67 | C76: La instalación de la solución deberá garantizar que se encuentren los entornos de Desarrollo, calidad y Producción.
A77: 1.1.2. | B77: EMR-112 | C77: IBPMS integración
A78: 1 | C78: El IBPMS ofrecido por el proponente debe ser compatible con el ecosistema Microsoft dispuesto por la entidad.
A79: 3 | C79: Office 365 - Word: Parametrizar plantillas de documentos tipo que se utilizaran en los procesos implementados
A80: 4 | C80: Office 365 - Word: Permitir generar documentos automaticos con base en la data de una transacción/instancia de proceso
A81: 5 | C81: Office 365 - Word: Permitir modificar un documento de word desde el programa MS word, que por medio de la integración con Aura reealizara la sinconización de cambios en el documento del BPM
A82: 6 | C82: Office 365 - Word: Estampar firma electronica sobre el documento de word y generar pdf seguro
A83: 7 | C83: Office 365 - Excel: Generar una hoja de excel de forma automatica con base en la data de una transaacción/instancia de proceso
A84: 8 | C84: Office 365 - Excel: Cargar información al IBPMS desde un archivo de MS Excel
A85: 9 | C85: Office 365 - Outlook: Iniciar un proceso en el IBPMS con base en la recepción de un Email
A86: 10 | C86: Office 365 - Outlook: Leer los datos del correo y transcibir el asunto, destinatario y guardar adjuntos del email en los campos dispuestos en el BPM
A87: 11 | C87: Office 365 - Outlook: Crear agendas de Outlook con base en la información de las tareas de los procesos
A88: 12 | C88: debe permitir la interacion con dispositivos biometricos
A89: 13 | C89: Contar con conector con Sharepoint Online
... A93: 18 | C93: El IBPMS debe permitir autenticación a través de Directorio Activo de Microsoft
A94: 1.1.3. | B94: EMR-113 | C94: GESTION DE PROCESOS
A95: 1 | B95: Diagramación de procesos | C95: La herramienta IBPMS Deberá ofrecer un entorno 100% gráfico para el diseño de procesos basado en la notación estándar BPMN
A96: 2 | C96: La herramienta IBPMS Deberá incluir un modelador de procesos completamente integrado
A97: 3 | C97: La herramienta IBPMS Deberá permitir diagramación de procesos y subprocesos. Siguiendo todos los lineamientos del estándar BPMN.
A98: 4 | C98: La herramienta IBPMS Deberá permitir que un diagrama de proceso también puede contener información técnica para implementadores: tareas de servicio (interfaces, web services), transacciones, campos de datos.
A99: 5 | C99: Para diagramar un proceso La herramienta IBPMS Deberá permitir arrastrar y soltar los componentes del flujo de trabajo para la diagramación con una interfaz amigable e intuitiva. Igualmente debe permitir a los usuarios seleccionar la siguiente figura deseada y soltarla en el punto adecuado del diagrama.
A100: 6 | C100: Los procesos deben poderse diseñar por usuarios "no técnicos", usando una interfaz amigable e intuitiva.
A101: 7 | C101: La herramienta IBPMS Deberá trabajar independientemente sin requerir un IDE (Independet Development Enviroment), debe ser una solución model-driven que soporte la automatización de procesos sin programación
A102: 8 | C102: La herramienta IBPMS Deberá ser una solución 0 code
A103: 9 | C103: La herramienta IBPMS Deberá soportar totalmente el estándar BPMN v 2.0
A104: 10 | C104: La herramienta IBPMS Deberá poder almacenar los diseños de procesos en un repositorio estructurado en (Base de Datos)
A105: 11 | B105: Diseño de flujoS de trabajo | C105: La herramienta IBPMS Deberá soportar la creación de elementos de compuertas logicas de desición
A106: 12 | C106: La herramienta IBPMS Deberá soportar la creación de elementos bajo las notaciones BPMN Y BPMN 2.0
A107: 13 | C107: La herramienta IBPMS Deberá soportar eventos de mensaje y tiempo que puedan ser accionados de forma automatica o por medio servicios web
A108: 14 | C108: La herramienta IBPMS Deberá soportar tareas de sistema, como aplicación de reglas, notificaciones, calculos, invocar servicios web
A109: 15 | C109: La herramienta IBPMS Deberá soportar la asignación de tareas con multiple configuración de ejecución, roles, empleado, grupos de empleado
A110: 16 | C110: Los formularios de las tareas de proceso deben porder crearse y modificarse con un editor de formularios nativo de la suite de BPM
A111: 17 | C111: La herramienta IBPMS Deberá permitir lanzar instancias con base en eventos.
A112: 18 | C112: La herramienta IBPMS Deberá permitir la asignación de participantes con base en varios criterios como variables, roles, habilidades, estados y más.
A113: 19 | C113: La herramienta IBPMS Deberá soportar el cargue de archivos adjuntos que son compartidos por todas las instancias del flujo de trabajo
A114: 20 | C114: La herramienta IBPMS Deberá permitir la creación de campos de tipo archivo que pueden ser adjuntos a instancias.
A115: 21 | C115: A las instancias del flujo de trabajo se les pueden asignar ID únicos en el IBPMS de manera automática
A116: 22 | C116: La herramienta IBPMS Deberá permitir configurar para cada tarea individual su propia duración. El tiempo de duración determinará la fecha objetivo. Estas duraciones pueden ser fijas o calculadas con base en variables del proceso.
A117: 23 | C117: Las fechas y horas objetivo en el IBPMS pueden ser modificadas durante el proceso dependiendo de variables y estados del flujo de trabajo.
... A121: 27 | C121: La herramienta IBPMS Deberá soportar procesos y subprocesos transaccionales
A122: 28 | B122: Ejecución de procesos | C122: La herramienta IBPMS Deberá ser 100% habilitado para web
A123: 29 | C123: La herramienta IBPMS Deberá soportar la ejecución de motor de procesos
A124: 30 | C124: La herramienta IBPMS Deberá contar con motor de reglas nativo
A125: 31 | C125: La herramienta IBPMS Deberá contemplar integridad End-to-end del proceso
A126: 32 | C126: La herramienta IBPMS Deberá permitir que el Portal de trabajo se pueda personalizar para mostrar la imagen corporativa
A127: 33 | C127: La herramienta IBPMS Deberá permitir que el Portal de trabajo se pueda personalizar para un tipo de usuario particular como stakeholder.
A128: 34 | B128: Motor BPM | C128: Motor impulsado por tareas
A129: 35 | C129: La herramienta IBPMS Deberá permitir la creación de casos de manera automática usando la Capa SOA y los métodos disponibles.
A130: 36 | C130: La herramienta IBPMS Deberá incluir una funcionalidad tipo Bitácora de Estado, que almacene la información de los casos desde el momento de su creación hasta su estado actual. Esta información debe poder presentarse en un entorno gráfico que permite el rastreo visual del camino del caso
A131: 37 | C131: El usuario puede definir si el estado del caso será asignado de manera automática o manual.
A132: 38 | C132: La herramienta IBPMS Deberá permitir el ruteo manual o automático del flujo de trabajo con base en eventos.
A133: 39 | C133: Los pasos subsiguientes del flujo de trabajo son activados de manera automática tras completar los pasos anteriores
A134: 40 | C134: Los pasos del flujo de trabajo pueden ser activados de manera automática con base en el tiempo
A135: 41 | C135: Los usuarios deben poder modelar el proceso de manera que un evento pueda ser activado para avanzar el flujo de trabajo a pasos siguientes.
A136: 42 | C136: La herramienta IBPMS Deberá contar con un esquema de horario de trabajo donde se permita la identificación de feriados especiales, esquemas y agendas que pueden ser configuradas por cada usuario
A137: 43 | C137: El IBPMS no debe requerir de un motor/plug-in adicional para ejecutar el flujo de trabajo
A138: 44 | B138: Análisis de proceso | C138: La herramienta deberá permititr el analisis de tiempos y duración de proceos y tareas, efectividad, cargas de trabajo, ruta critica de los procesos,
A139: 45 | B139: Iniciación del flujo de trabajo | C139: Los flujos de trabajo pueden ser iniciados programáticamente desde un sistema externo o asociados a través de web services y la capa SOA.
A140: 46 | C140: Los flujos de trabajo pueden ser excluidos de iniciación manual
A141: 47 | C141: Los flujos de trabajo pueden ser iniciados por los usuarios seleccionados
A142: 48 | C142: Los flujos de trabajo pueden ser iniciados por usuarios autenticados
A143: 49 | C143: Los flujos de trabajo pueden ser iniciados a través de un enlace en una página web externa a través de usuarios no autenticados a través de un web service
A144: 50 | B144: Búsqueda y Consulta | C144: Los usuarios pueden buscar tareas por nombre de tarea, flujo de trabajo, estado, fechas de inicio, vencimiento, finalización, etc.
A145: 51 | C145: La herramienta IBPMS Deberá permitir la definición y personalización de criterios de consulta para los procesos o casos de negocio
A146: 52 | C146: La herramienta IBPMS Deberá permitir a los usuarios buscar por todas las instancias relativas a datos de proceso similares
A147: 53 | C147: La herramienta IBPMS Deberá restringir las consultas para acceso a ciertas personas o roles
A148: 54 | C148: La herramienta IBPMS Deberá permitir al usuario definir parámetros consulta para los proceso e información adicional y guardarlos para posteriores consultas
A149: 55 | B149: Alarmas y notificaciones | C149: La herramienta IBPMS Deberá permitir configurar alarmas en el portal de trabajo en ambiente de producción por parte de usuarios finales
A150: 56 | C150: La herramienta IBPMS Deberá permitir si el usuario lo desea, la configuración para recibir notificaciones cuando tengan una nueva tarea por ejecutar. El mecanismo de notificación debe ser configurado en las propiedades de la tarea.
A151: 57 | C151: La herramienta IBPMS Deberá permitir acceder a una tarea del IBPM desde la notificación de correo
A152: 58 | C152: La herramienta IBPMS Deberá permitir el envío de las notificaciones con base en los roles, habilidades y otras propiedades y variables del participante.
A153: 59 | C153: La herramienta IBPMS Deberá contar con una funcionalidad nativa que le permite a los usuarios configurar notificaciones dentro del entorno de colaboración.
A154: 60 | C154: La herramienta IBPMS Deberá permitir la configuración las notificaciones para ser enviadas sólo una vez, durante un período limitado de tiempo o indefinidamente.
A155: 61 | C155: La herramienta IBPMS Deberá permitir la configuración del envío de las notificaciones para ser enviadas durante un período de tiempo calculado con base en variables de proceso
A156: 62 | C156: La herramienta IBPMS Deberá permitir a los administradores la configuración de la recepción de notificaciones como obligatoria para cada usuario.
A157: 63 | C157: La herramienta IBPMS Deberá soportar la gestión de copias y copias ocultas
A158: 64 | C158: La herramienta IBPMS Deberá permitir enviar copias de correos a un administrador
A159: 65 | C159: La herramienta IBPMS Deberá permitir que las notificaciones se apaguen completamente
A160: 66 | C160: La herramienta IBPMS Deberá permitir el escalamiento de las notificaciones con base en los roles, habilidades y otras propiedades y variables del participante.
A161: 67 | C161: El mecanismo de notificación por defecto dLa herramienta IBPMS Deberá ser correo electrónico
... A167: 73 | C167: La herramienta IBPMS Deberá permitir el envío de notificaciones a teléfonos móviles a través de e-mail, SMS Y APP o de la librería de componentes.
A168: 74 | B168: Monitorización y trazabilidad de auditoria | C168: El IBPMS debe contar con un módulo de auditoríaque permita generar un historico de las actividades ejecutadas en una instancia/transacción de proceso especifica, con ejecutor, hora de inicio y fin de la tarea, nombre y codigo de la tarea
A169: 75 | C169: EL IBPMS debe contar con un log del motor de proceso que permita almacenar eventos de sistema, como errores y advertencias
...

Sheet INSTALACIONES
A6: INSTALACIONES MAS DE 800 USUARIOS DEL PRODUCTO EN COLOMBIA
A7: ITEM | B7: NOMBRE EMPRESA DONDE ESTA EL PRODUCTO INSTALADO | C7: NUMERO DE USUARIOS LICENCIADOS CERTIFICADO POR FABRICANTE | D7: SECTOR ENTIDAD CONTRATANTE | E7: CONTACTO DE VERIFICACIÓN NOMBRE, CORREO, TELEFONO
D8: (G, P)
A9: 1
A10: 2
A11: 3
A12: 4
A13: 5
A14: 6
A15: 7
A16: 8
A17: 9
A18: 10
A19: 11
A20: 12
... A30: 22
A31: TOTALES

Sheet PARTNERS
A1: ANEXO CERTIFICACIONES POR FABRICANTE
A6: LISTADO DE PARTNERS EN COLOMBIA
A7: ITEM | B7: PARTNER | C7: CIUDAD | D7: # DE FOLIO | E7: CONTACTO DE VERIFICACIÓN NOMBRE, CORREO, TELEFONO
A8: 1
A9: 2
A10: 3
A11: 4
A12: 5
A13: 6
A14: 7
A15: 8
A16: 9
A17: 10
A18: 11
A19: 12
... A22: 15
A23: TOTALES
B27: COMPAÑÍA PROPONENTE:
B28: DIRECCIÓN:
B29: TELÉFONO:
B30: CORREO ELECTRÓNICO:

Sheet EXPERIENCIA
A1: ANEXO EXPERIENCIA
A6: EXPERIENCIA DEL PROPONENTE
A7: ITEM | B7: OBJETO | C7: ENTIDAD CONTRATANTE | D7: SECTOR ENTIDAD CONTRATANTE | E7: PLAZO EJECUCIÓN EN MESES | F7: FECHA DE INICIACIÓN | G7: FECHA DE TERMINACIÓN | H7: VALOR EN PESOS | I7: SMMLV
D8: (G, P) | F8: día/mes/año | G8: día/mes/año | I8: 828116
A9: 1 | H9: 0 | I9: =+H9/$I$8 -> 0
A10: 2 | H10: 0 | I10: =+H10/$I$8 -> 0
A11: 3 | H11: 0 | I11: =+H11/$I$8 -> 0
A12: 4 | H12: 0 | I12: =+H12/$I$8 -> 0
A13: 5 | H13: 0 | I13: =+H13/$I$8 -> 0
A14: 6 | H14: 0 | I14: =+H14/$I$8 -> 0
A15: 7 | H15: 0 | I15: =+H15/$I$8 -> 0
A16: 8 | H16: 0 | I16: =+H16/$I$8 -> 0
A17: 9 | H17: 0 | I17: =+H17/$I$8 -> 0
A18: 10 | H18: 0 | I18: =+H18/$I$8 -> 0
A19: 11 | H19: 0 | I19: =+H19/$I$8 -> 0
A20: 12 | H20: 0 | I20: =+H20/$I$8 -> 0
... A30: 22 | H30: 0 | I30: =+H30/$I$8 -> 0
A31: TOTALES | H31: =SUM(H9:H30) -> 0 | I31: =SUM(I9:I30) -> 0
B33: COMPAÑÍA PROPONENTE:
B34: DIRECCIÓN:
B35: TELÉFONO:
B36: CORREO ELECTRÓNICO:

Sheet CostoProductosServicio
A1: ANEXO COSTOS PRODUCTOS Y SERVICIOS
A6: CONVOCATORIA PÚBLICA N° XXX - 2019
A7: ITEM | B7: EMR-## | C7: DESCRIPCIÓN | D7: CANT | E7: COSTOS MENSUALES Contrato
E8: Vr. Unitario | F8: IVA % | G8: IVA Total | H8: Valor Total con IVA
E9: Pesos Colombianos, sin centavos
A10: ='EMR '!A315 -> 2 | B10: ='EMR '!B315 -> LICENCIAMIENTO | D10: =+D11 -> 30 | E10: =E11 -> 0 | G10: =G11 -> 0 | H10: =H11 -> 0
A11: ='EMR '!A316 -> 2.1 | B11: ='EMR '!B316 -> EMR-21 | D11: =SUM(D12+D13+D14+D15) -> 30 | E11: =SUM(E12:E15) -> 0 | G11: =SUM(G12:G15) -> 0 | H11: =SUM(H12:H16) -> 0
A12: ='EMR '!A317 -> 1 | B12: ='EMR '!C317 -> Usuario Implementador | D12: ='EMR '!D317 -> 2 | E12: 0 | F12: 0 | G12: =(+E12*F12)*D12 -> 0 | H12: =(D12*E12)+G12 -> 0
A13: ='EMR '!A318 -> 2 | B13: ='EMR '!C318 -> Usuario Interno nombrado | D13: ='EMR '!D318 -> 4 | E13: 0 | F13: 0 | G13: =(+E13*F13)*D13 -> 0 | H13: =(D13*E13)+G13 -> 0
A14: ='EMR '!A319 -> 3 | B14: ='EMR '!C319 -> Usuario Interno concurrente | D14: ='EMR '!D319 -> 20 | E14: 0 | F14: 0 | G14: =(+E14*F14)*D14 -> 0 | H14: =(D14*E14)+G14 -> 0
A15: ='EMR '!A320 -> 4 | B15: ='EMR '!C320 -> Usuario Externo concurrente | D15: ='EMR '!D320 -> 4 | E15: 0 | F15: 0 | G15: =(+E15*F15)*D15 -> 0 | H15: =(D15*E15)+G15 -> 0
A16: 5 | B16: Conectores SAP / Office 365 | D16: 1 | E16: 0 | F16: 0 | G16: =(+E16*F16)*D16 -> 0 | H16: =(D16*E16)+G16 -> 0
A17: ='EMR '!A321 -> 3 | B17: ='EMR '!B321 -> INFRAESTRUCTURA | D17: =D18 -> 0 | E17: =E18 -> 0 | G17: =G18 -> 0 | H17: =SUM(H18) -> 0
A18: ='EMR '!A322 -> 3.1 | B18: ='EMR '!B322 -> EMR-31 | D18: =D19 -> 0 | E18: =SUM(E19:E19) -> 0 | G18: =SUM(G19:G19) -> 0 | H18: =SUM(H19:H22) -> 0
A19: ='EMR '!A323 -> 1 | B19: ='EMR '!C323 -> IIAS DE PROCESAMIENTO | D19: 0 | E19: 0 | F19: 0 | G19: =(+E19*F19)*D19 -> 0 | H19: =(D19*E19)+G19 -> 0
A20: ='EMR '!A324 -> 2 | B20: ='EMR '!C324 -> IIAS DE ALMACENAMIENTO | D20: 0 | E20: 0 | F20: 0 | G20: =(+E20*F20)*D20 -> 0 | H20: =(D20*E20)+G20 -> 0
A21: ='EMR '!A325 -> 3 | B21: ='EMR '!C325 -> IIAS DE MEMORIA | D21: 0 | E21: 0 | F21: 0 | G21: =(+E21*F21)*D21 -> 0 | H21: =(D21*E21)+G21 -> 0
A22: ='EMR '!A326 -> 4 | B22: ='EMR '!C326 -> Ancho de banda de download 500 GB/MES | D22: 0 | E22: 0 | F22: 0 | G22: =(+E22*F22)*D22 -> 0 | H22: =(D22*E22)+G22 -> 0
A23: ='EMR '!A327 -> 4 | B23: ='EMR '!B327 -> CAPACITACION | D23: =D24 -> 2 | E23: =E24 -> 0 | G23: =G24 -> 0 | H23: =H24 -> 0
A24: ='EMR '!A328 -> 4.1 | B24: ='[1]EMR '!B799 -> EMR-311 | C24: ='[1]EMR '!C799 -> Instalación y Configuración y puesta en marcha de Servicios de redes de voz, datos y conectividad. | D24: =D25 -> 2 | E24: =SUM(E25) -> 0 | G24: =(+E24*F24)*D24 -> 0 | H24: =SUM(H25) -> 0
A25: ='EMR '!A329 -> 1 | B25: ='EMR '!C329 -> Curso formal de capacitación nivel intermedio implementador | D25: 2 | E25: 0 | F25: 0 | G25: =(+E25*F25)*D25 -> 0 | H25: =(D25*E25)+G25 -> 0
C26: TOTAL | G26: =G10+G17+G23 -> 0 | H26: =H10+H17+H23 -> 0
A29: COMPAÑÍA PROPONENTE:
A30: DIRECCIÓN:
A31: TELÉFONO:
A32: CORREO ELECTRÓNICO:
C36: ______________________________________________
C37: FIRMA REPRESENTANTE LEGAL

Sheet TotalCostos
A1: 0
A6: =CostoProductosServicio!A6 -> CONVOCATORIA PÚBLICA N° XXX - 2019
A7: RESUMEN COSTOS
A8: ITEM | B8: DESCRIPCIÓN | E8: COSTO TOTAL IVA INCLUIDO | F8: PORCENTAJE LIMITE
A9: =CostoProductosServicio!A10 -> 2 | B9: =CostoProductosServicio!B10 -> LICENCIAMIENTO | E9: =CostoProductosServicio!H10 -> 0 | F9: 0.84615385 | G9: =F9 -> 0.84615385 | H9: =G9*E16 -> 330000000 | I9: 330000000 | J9: =I9/I12 -> 0.84615385 | K9: 0.84615385
A10: =CostoProductosServicio!A17 -> 3 | B10: =CostoProductosServicio!B17 -> INFRAESTRUCTURA | E10: =CostoProductosServicio!H17 -> 0 | F10: 0.14102564 | G10: =F10 -> 0.14102564 | H10: =G10*E16 -> 55000000 | I10: 55000000 | J10: =I10/I12 -> 0.14102564 | K10: 0.14102564
A11: =CostoProductosServicio!A23 -> 4 | B11: =CostoProductosServicio!B23 -> CAPACITACION | E11: =CostoProductosServicio!H23 -> 0 | F11: 0.012820513 | G11: =F11 -> 0.012820513 | H11: =G11*E16 -> 5000000 | I11: 5000000 | J11: =I11/I12 -> 0.012820513 | K11: 0.012820513
B12: SUBTOTAL | E12: =SUM(E9:E11) -> 0 | F12: =SUM(F9:F11) -> 1 | G12: =F12 -> 1 | H12: =SUM(H9:H11) -> 390000000 | I12: 390000000
A16: TOTAL CONTRATO INCLUIDO IVA | D16: =E9+E10+E11 -> 0 | E16: 390000000
B19: COMPAÑÍA PROPONENTE:
B20: DIRECCIÓN:
B21: TELÉFONO:
B22: CORREO ELECTRÓNICO:
B26: NOTA:
B27: Si los valores de la columnas Costo Total Iva Incluido no estan en verde, es un indicador de que los valores tope estimados sobrepasan el presupuesto
C33: ______________________________________________
C34: FIRMA REPRESENTANTE LEGAL
